 Dungeon Crawl Stone Soup version 0.29-a0-378-gc08b2e8bf8 (webtiles) character file.

Game seed: 16676250118962195128

1050 Bruhh the Unflinching (level 8, -2/67 HPs)
             Began as a Human Monk on May 5, 2022.
             Was a Believer of the Shining One.
             Slain by a gnoll sergeant
             ... wielding a +5 spear of venom
              (17 damage)
             ... on level 6 of the Dungeon.
             The game lasted 00:11:51 (7115 turns).

Bruhh the Unflinching (Human Monk)                  Turns: 7115, Time: 00:11:52

Health: -2/67      AC:  6    Str: 12    XL:     8   Next: 50%
Magic:  8/13       EV: 11    Int: 10    God:    the Shining One [**....]
Gold:   468        SH: 12    Dex: 16    Spells: 7/7 levels left

rFire   . . .      SeeInvis .   a - +0 hand axe
rCold   . . .      Faith    .   f - +0 buckler
rNeg    + . .      Spirit   .   g - +0 ring mail
rPois   .          Reflect  .   h - +0 helmet
rElec   .          Harm     .   G - scarf {shadows}
rCorr   .          Rampage  .   (no gloves)
Will    +....                   (no boots)
Stlth   +.........              (no amulet)
HPRegen 0.21/turn               (no ring)
MPRegen 0.13/turn               (no ring)

@: divinely shielded, hasted, glowing, very quick
A: fangs 1, clumsy 1, strong-willed 1
a: Renounce Religion, Divine Shield


You were on level 6 of the Dungeon.
You worshipped the Shining One.
The Shining One was pleased with you.
You visited 1 branch of the dungeon, and saw 6 of its levels.

You collected 468 gold pieces.

Inventory:

Hand Weapons
 a - a +0 hand axe (weapon)
Missiles
 d - 5 javelins (quivered)
Armour
 b - a +0 robe
 f - a +0 buckler (worn)
 g - a +0 ring mail (worn)
 h - a +0 helmet (worn)
 p - a +0 cloak
 r - a +0 chain mail
 C - a +0 chain mail
 G - a scarf of shadows (worn)
Wands
 t - a wand of iceblast (27)
Scrolls
 e - a scroll of enchant armour {unknown}
 j - a scroll of poison {unknown}
 k - 5 scrolls of identify {unknown}
 m - 2 scrolls of blinking {unknown}
 n - 2 scrolls of silence {unknown}
 o - 2 scrolls of fear {unknown}
 s - a scroll of enchant weapon {unknown}
 v - 4 scrolls of teleportation {unknown}
 w - a scroll of amnesia {unknown}
 x - a scroll of fog {unknown}
 y - a scroll of immolation {unknown}
 z - a scroll of torment {unknown}
 B - a scroll of summoning {unknown}
 D - a scroll of vulnerability {unknown}
Potions
 c - 2 potions of ambrosia
 i - 3 potions of haste
 l - a potion of curing
 q - a potion of invisibility {unknown}
 u - a potion of cancellation {unknown}
 A - a potion of brilliance {unknown}
 E - a potion of degeneration {unknown}
 F - a potion of magic {unknown}


   Skills:
 + Level 7.0 Fighting
 - Level 3.0 Axes
 - Level 3.0 Dodging
 - Level 2.0 Stealth
 + Level 7.4 Invocations


You had 7 spell levels left.
You didn't know any spells.
Your spell library contained the following spells:

 Spells                   Type           Power      Damage    Failure   Level
 Beastly Appendage        Tmut           0%         N/A       77%         1
 Sting                    Tmut/Pois      0%         1d3       77%         1
 Poisonous Vapours        Pois/Air       0%         N/A       88%         2
 Wereblood                Tmut           0%         N/A       88%         2
 Spider Form              Tmut/Pois      0%         N/A       98%         3
 Olgreb's Toxic Radiance  Pois           0%         N/A       100%        4
 Blade Hands              Tmut           0%         N/A       100%        5
 Irradiate                Conj/Tmut      0%         3d13      100%        5
 Dragon Form              Tmut           0%         N/A       100%        7


Dungeon Overview and Level Annotations

Branches:
Dungeon (6/15)             Temple (0/1) D:5

Altars:
Nemelex Xobeh
Wu Jian
The Shining One

Shops:
D:4 !   D:5 **


Innate Abilities, Weirdness & Mutations

You have very sharp teeth.
You are clumsy. (Dex -2)
You are strong-willed. (Will+)


Message History

The golden flame engulfs you but does no damage.
You resist.
The golden flame engulfs the gnoll sergeant!
The gnoll sergeant is severely wounded.
The golden flame engulfs the gnoll!!
You kill the gnoll!
You can no longer channel blasts of cleansing flame.
You feel sick.
The gnoll sergeant hits you with a +5 spear of venom!
* * * LOW HITPOINT WARNING * * *
You are more poisoned.
You feel better. You block the gnoll sergeant's attack.
You hit the gnoll sergeant but do no damage.
You bite the gnoll sergeant, but do no damage.
The gnoll sergeant is severely wounded.
You block the gnoll sergeant's attack. The gnoll sergeant closely misses you.
You hit the gnoll sergeant but do no damage.
The gnoll sergeant is severely wounded.
You block the gnoll sergeant's attack.
You hit the gnoll sergeant.
The gnoll sergeant is severely wounded.
You block the gnoll sergeant's attack.
You completely miss the gnoll sergeant.
The gnoll sergeant is severely wounded.
You block the gnoll sergeant's attack.
You hit the gnoll sergeant but do no damage.
You bite the gnoll sergeant, but do no damage.
The gnoll sergeant is severely wounded.
The gnoll sergeant hits you with a +5 spear of venom!
* * * LOW HITPOINT WARNING * * *
It was a potion of haste.
You feel yourself speed up. You block the gnoll sergeant's attack.
You hit the gnoll sergeant but do no damage.
You bite the gnoll sergeant, but do no damage.
The gnoll sergeant is severely wounded.
The gnoll sergeant barely misses you. The gnoll sergeant blocks your attack.
The gnoll sergeant is severely wounded.
The gnoll sergeant hits you with a +5 spear of venom!
You die...

### ###
#.######.#
#........#
#.######.#
#.# #.# #.#
#@#
#########.#
#g#
........#.#
#g#
..#####.#.#
#..
.....##.#.##
...
..........>#
####
#.##.##.#..#
#.##.##.#..#
#.##.##.#..#


You could see a gnoll sergeant and a gnoll.

Vanquished Creatures
  Sigmund (D:1)
  An ice beast (D:6)
  A black bear (D:5)
  A phantom (D:5)
  2 necrophages
  A hound (D:4)
  3 orc priests (D:5)
  2 iguanas (D:5)
  An orc wizard (D:5)
  Robin (D:2)
  8 adders
  12 gnolls
  A shadow imp (D:6)
  An ufetubus (D:6)
  5 worms
  A dart slug (D:2)
  8 orcs
  2 bats
  7 endoplasms
  A giant cockroach (D:4)
  14 goblins
  7 hobgoblins
  2 jackals (D:2)
  3 quokkas
  3 ball pythons
  2 frilled lizards
  3 kobolds
  8 rats
102 creatures vanquished.

Vanquished Creatures (others)
  A plant (D:5)
1 creature vanquished.

Grand Total: 103 creatures vanquished

Notes
Turn   | Place    | Note
-------+----------+-------------------------------------------
     0 | D:1      | Bruhh the Human Monk began the quest for the Orb.
     0 | D:1      | Reached XP level 1. HP: 18/18 MP: 1/1
    82 | D:1      | Reached XP level 2. HP: 16/24 MP: 2/2
   726 | D:1      | Reached XP level 3. HP: 25/30 MP: 3/3
  1328 | D:2      | Reached XP level 4. HP: 34/38 MP: 4/4
  1465 | D:2      | Noticed Robin
  1516 | D:2      | Killed Robin
  1534 | D:2      | Reached skill level 5 in Fighting
  1834 | D:2      | Found a faded altar of an unknown god.
  1834 | D:2      | Noticed Sigmund
  1879 | D:1      | Killed Sigmund
  1880 | D:1      | Reached XP level 5. HP: 30/47 MP: 5/5
  1880 | D:1      | Reached XP level 6. HP: 33/53 MP: 6/6
  1892 | D:2      | Prayed at the altar of an unknown god.
  1892 | D:2      | Became a worshipper of the Shining One
  1892 | D:2      | Reached * piety under the Shining One
  1892 | D:2      | Reached ** piety under the Shining One
  2646 | D:3      | Reached skill level 1 in Invocations
  3074 | D:3      | Gained mutation: You are strong-willed. (Will+) [potion of
                  | mutation]
  3074 | D:3      | Gained mutation: You have very sharp teeth. [potion of
                  | mutation]
  3074 | D:3      | Gained mutation: You are clumsy. (Dex -2) [potion of
                  | mutation]
  3533 | D:4      | Found an ornate altar of the Wu Jian Council.
  3863 | D:4      | Reached XP level 7. HP: 56/60 MP: 7/9
  4166 | D:4      | Found Ixylohapn's Distillery.
  4372 | D:5      | Entered Level 5 of the Dungeon
  4404 | D:5      | Reached *** piety under the Shining One
  5082 | D:5      | Reached skill level 5 in Invocations
  5183 | D:5      | Reached XP level 8. HP: 66/67 MP: 12/12
  5523 | D:5      | Found a staircase to the Ecumenical Temple.
  5668 | D:5      | Found a sparkling altar of Nemelex Xobeh.
  5875 | D:5      | Found Madunk's General Store.
  5880 | D:5      | Found Teiniwodd's Specific Store.
  6727 | D:6      | Found a glowing golden altar of the Shining One.
  7115 | D:6      | Slain by a gnoll sergeant

Illustrated notes

Levels and vault maps discovered:
D:1:      amcnicky_arrival_gap_in_the_tavern_cellar, layout_loops_ring
D:2:      layout_loops_ring, ebering_ecumenical_altar_box, uniq_robin,
          uniq_sigmund
D:3:      layout_basic, grunt_decor_arrowhead, hex_large, minmay_misc_feat_doors
D:4:      layout_loops_ring, mainiacjoe_overflow_cross_hatched, serial_shops,
          kennysheep_mini, minmay_misc_feat_alley, solitary_fountain
D:5:      layout_basic, mainiacjoe_overflow_alcove_4,
          minmay_temple_entry_overgrown, nicolae_specific_store
D:6:      layout_basic, tso_oasis_becter, hellmonk_bongcloud_opening

Skill      XL: |  1  2  3  4  5  6  7  8 |
---------------+-------------------------+-----
Fighting       | 4 6 7 |  7.0
Invocations    | 2 5 7 |  7.4
Axes           | |  3.0
Dodging        | |  3.0
Stealth        | |  2.0

Action                   |  1- 3 |  4- 6 |  7- 9 || total
-------------------------+-------+-------+-------++-------
Melee: Hand axe          |    86 |   193 |   223 ||   502
       Bite              |       |     4 |    38 ||    42
Invok: Divine Shield     |       |       |     3 ||     3
       Cleansing Flame   |       |       |     2 ||     2
  Use: Potion            |     1 |     3 |     3 ||     7
 Stab: Sleeping          |     2 |     1 |       ||     3
Armor: Robe              |     7 |       |       ||     7
       Ring mail         |    16 |    50 |    63 ||   129
Dodge: Dodged            |    45 |   102 |   113 ||   260
Block: Buckler           |    20 |    34 |    63 ||   117

Table legend: (Time is in decaauts)
 A = Elapsed time spent in this place.
 B = Non-inter-level travel time spent in this place.
 C = Inter-level travel time spent in this place.
 D = Time resting spent in this place.
 E = Time spent auto-exploring this place.
 F = Levels seen in this place.
 G = Mean time per level.
                   A        B        C        D        E       F      G
               +--------+--------+--------+--------+--------+-----+--------+
         Total |   7220 |   6916 |    304 |    271 |   5480 |   6 | 1203.3 |
       Dungeon |   7220 |   6916 |    304 |    271 |   5480 |   6 | 1203.3 |
               +--------+--------+--------+--------+--------+-----+--------+

Top non-repeatable levels by time:
     D:5: 1932 daAuts
     D:3: 1329 daAuts
     D:2: 1308 daAuts
     D:4: 1178 daAuts
     D:1: 923 daAuts
     D:6: 548 daAuts
